 Dungeon Crawl Stone Soup version 0.17-a0-957-ga3519be (webtiles) character file.

74406 inmateoo the Covert (level 15, 0/115 HPs)
             Began as a Human Enchanter on May 7, 2015.
             Was the Champion of Ashenzari.
             Killed from afar by a deep elf annihilator (43 damage)
             ... with an iron shot
             ... on level 1 of the Elven Halls.
             The game lasted 01:53:27 (37846 turns).

inmateoo the Covert (Human Enchanter)              Turns: 37846, Time: 01:53:28

Health: 0/115      AC: 11    Str:  9    XL:     15   Next: 94%
Magic:  33/35      EV: 18    Int: 25    God:    Ashenzari [******]
Gold:   1016       SH:  5    Dex: 12    Spells: 10 memorised, 2 levels left

rFire  + + .     SeeInvis +     O - +7 quick blade (curse)
rCold  + . .     Clarity  +     W - +3 leather armour {rF+} (curse)
rNeg   . . .     SustAb   .     Q - +0 buckler
rPois  +         Gourm    .     D - +2 hat {MR+}
rElec  .         Spirit   .     h - +1 cloak (curse)
rCorr  .         Warding  .     s - +0 pair of gloves (curse)
rMut   +         Stasis   .     (no boots)
MR     +++..                    k - amulet of resist mutation (curse)
Stlth  +++++.....               E - ring "Big Awou" {rPois MP+9 Int+3 Dex-4 Stlth-} (curse)
                                e - ring "Wasydul" {rF+ rC+ Int+5} (curse)

@: extremely resistant to hostile enchantments, quite stealthy
A: agile 1, blink 1, clarity, dopey 2, low mp 1, magic resistance 1, screaming 1
a: Blink, Scrying, Transfer Knowledge, Renounce Religion


You were on level 1 of the Elven Halls.
You worshipped Ashenzari.
Ashenzari was exalted by your worship.
You were hungry.

You visited 6 branches of the dungeon, and saw 27 of its levels.
You also visited: Ossuary and Volcano.

You collected 2915 gold pieces.
You spent 1899 gold pieces at shops.

Inventory:

Hand weapons
 O - a cursed +7 quick blade (weapon)
Armour
 h - a cursed +1 cloak (worn)
 s - a cursed +0 pair of gloves (worn)
 A - a +2 robe of magic resistance
 D - a +2 hat of magic resistance (worn)
 Q - a +0 buckler (worn)
 W - a cursed +3 leather armour of fire resistance (worn)
Jewellery
 d - an uncursed ring of ice
 e - the cursed ring "Wasydul" (left hand) {rF+ rC+ Int+5}
   (You found it on level 8 of the Lair of Beasts)

   [ring of intelligence]

   It affects your intelligence (+5).
   It protects you from fire.
   It protects you from cold.
   It has a curse placed upon it.
 k - a cursed amulet of resist mutation (around neck)
 E - the cursed ring "Big Awou" (right hand) {rPois MP+9 Int+3 Dex-4 Stlth-}
   (You bought it in a shop on level 4 of the Orcish Mines)

   [ring of loudness]

   It affects your intelligence (+3).
   It affects your dexterity (-4).
   It protects you from poison.
   It affects your magic capacity (+9).
   It makes you less stealthy.
   It has a curse placed upon it.
Magical devices
 j - a wand of fire (0)
 x - a wand of fireball (9)
 y - a wand of paralysis (9)
 F - a wand of polymorph (19)
 G - a wand of paralysis (14)
 L - a wand of fireball (2)
 S - a wand of fireball (5)
 V - a wand of draining (6)
Scrolls
 b - 4 scrolls of teleportation
 l - 4 scrolls of identify
 o - 3 scrolls of magic mapping
 t - a scroll of fear
 C - a scroll of amnesia
 R - 4 scrolls of recharging
 T - a scroll of blinking
Potions
 a - 2 potions of beneficial mutation
 g - 12 potions of curing
 p - a potion of might
 r - 6 potions of heal wounds
 u - 3 potions of agility
 v - 2 potions of magic
 B - 3 potions of brilliance
 J - a potion of flight
 U - 2 potions of berserk rage
 X - 2 potions of cancellation
Books
 c - a book of Maledictions

   Spells                             Type                      Level
   a - Corona                         Hexes                        1
   b - Ensorcelled Hibernation        Hexes/Ice                    2
   c - Confuse                        Hexes                        3
   d - Tukima's Dance                 Hexes                        3
   e - Dazzling Spray                 Conjuration/Hexes            3
 f - Buosuulo's Disquisition on Evil
   (You found it on level 1 of the Elven Halls)

   Spells                             Type                      Level
   a - Pain                           Necromancy                   1
   b - Corpse Rot                     Necromancy                   2
   c - Sublimation of Blood           Necromancy                   2
   d - Cigotuvi's Embrace             Necromancy                   5
   e - Simulacrum                     Ice/Necromancy               6
 n - a book of Battle

   Spells                             Type                      Level
   a - Infusion                       Charms                       1
   b - Shroud of Golubria             Charms/Translocation         2
   c - Song of Slaying                Charms                       2
   d - Spectral Weapon                Hexes/Charms                 3
   e - Regeneration                   Charms/Necromancy            3
 q - a book of Debilitation

   Spells                             Type                      Level
   a - Corona                         Hexes                        1
   b - Slow                           Hexes                        2
   c - Gell's Gravitas                Hexes/Translocation          3
   d - Inner Flame                    Hexes/Fire                   3
   e - Cause Fear                     Hexes                        4
   f - Leda's Liquefaction            Hexes/Earth                  4
 w - a Young Poisoner's Handbook

   Spells                             Type                      Level
   a - Sting                          Conjuration/Poison           1
   b - Cure Poison                    Poison                       2
   c - Mephitic Cloud                 Conjuration/Poison/Air       3
   d - Olgreb's Toxic Radiance        Poison                       4
   e - Venom Bolt                     Conjuration/Poison           5
 H - a book of the Dragon

   Spells                             Type                      Level
   a - Flight                         Charms/Air                   3
   b - Cause Fear                     Hexes                        4
   c - Bolt of Fire                   Conjuration/Fire             6
   d - Dragon Form                    Transmutation                7
   e - Dragon's Call                  Summoning                    9
 Z - a book of Burglary

   Spells                             Type                      Level
   a - Swiftness                      Charms/Air                   2
   b - Passwall                       Transmutation/Earth          3
   c - Passage of Golubria            Translocation                4
   d - Lee's Rapid Deconstruction     Earth                        5
   e - Invisibility                   Hexes                        6
   f - Darkness                       Hexes                        7
Comestibles
 i - 11 meat rations
 m - 19 royal jellies
 z - 18 fruits


   Skills:
 + Level 9.9 Fighting
 - Level 10.6(14.8) Short Blades
 + Level 11.3(14.0) Dodging
 + Level 12.3(15.0) Stealth
 - Level 5.1 Shields
 + Level 10.7 Spellcasting
 + Level 11.2(15.4) Hexes
 - Level 5.0(9.4) Charms


You had 2 spell levels left.
You knew the following spells:

 Your Spells              Type           Power        Failure   Level  Hunger
a - Corona                Hex            ######.      0%          1    None
b - Ensorcelled Hibernat  Hex/Ice        ######       1%          2    None
c - Confuse               Hex            ######..     1%          3    None
d - Tukima's Dance        Hex            ######..     1%          3    None
e - Regeneration          Chrm/Necr      #####.....   2%          3    None
f - Spectral Weapon       Hex/Chrm       ######..     1%          3    None
g - Shroud of Golubria    Chrm/Tloc      #####.....   1%          2    None
h - Invisibility          Hex            ######..     1%          6    #####..
i - Flight                Chrm/Air       #####.....   2%          3    None
j - Darkness              Hex            ######....   12%         7    #######


Dungeon Overview and Level Annotations

Branches:
Dungeon (12/15)            Temple (1/1) D:6            Lair (8/8) D:11
 Shoals (1/4) Lair:3        Snake (0/4) Lair:3       Spider (0/4) Lair:4
  Slime (0/6) Lair:7          Orc (4/4) D:9             Elf (1/3) Orc:4

Altars:
Ashenzari
Cheibriados
Dithmenos
Elyvilon
Fedhas
Gozag
Kikubaaqudgha
Makhleb
Nemelex Xobeh
Okawaru
Qazlal
Ru
Sif Muna
Trog
Vehumet
Xom
Yredelemnul
Zin
The Shining One
Beogh
Jiyva

Shops:
D:10 %   Orc:2 *   Orc:3 *   Orc:4 !(*=[%=

Annotations:
D:7 Pikaro's ghost, experienced DgWn
Lair:4 exclusion: oklob plant


Innate Abilities, Weirdness & Mutations

You are agile. (Dex +2)
You can translocate small distances at will.
You possess an exceptional clarity of mind.
You are very dopey. (Int -4)
Your magical capacity is low (-10% MP).
You are resistant to hostile enchantments.
You occasionally shout uncontrollably at your foes.


Message History

The deep elf annihilator is severely wounded.
You block the deep elf annihilator's attack.
You puncture the deep elf annihilator!
The deep elf annihilator is severely wounded.
You hit the deep elf annihilator.
The deep elf annihilator is almost dead.
You hit the deep elf annihilator but do no damage.
The deep elf annihilator is almost dead.
You puncture the deep elf annihilator!
The deep elf annihilator is almost dead.
The deep elf annihilator points at you and mumbles some strange words.
The iron shot hits you!
* * * LOW HITPOINT WARNING * * *
You are too injured to fight recklessly!
You are too injured to fight recklessly!
Drink which item? (? for menu, Esc to quit)
You feel much better.
The deep elf annihilator points at you and mumbles some strange words.
The iron shot hits you!
You die...

# # *
***##################
,, ,,
#................. *
*
,*#@####.###########
* * *#e#*#...#* # *,
*, ..##.....# # *, ,
######...## # * * *
##.## ##### *,, * ,*
#.# *#.... ** * * ,
#.# ..... *,,, * * **
...... , *,*, , *
,,*** ......


You could see a deep elf annihilator.

Vanquished Creatures
  Gastronok (Orc:2)
  An orc warlord (Orc:4)
  A deep elf death mage (Elf:1)
  Snorg (Lair:5)
  An ettin (Orc:4)
  The ghost of oplop the Grappler, a powerful TrTm of Cheibriados (D:9)
  An ice dragon (D:9)
  2 hydras (Lair:7)
  Erica (D:10)
  A queen ant (D:11)
  8 death yaks (Lair:8)
  An orc high priest (Orc:4)
  Urug (Volcano)
  A deep elf summoner (Elf:1)
  3 necromancers (Elf:1)
  An ice statue (D:9)
  3 hill giants
  Pikel (D:5)
  3 orc knights (Orc:4)
  2 orc sorcerers (Orc:4)
  2 griffons
  An ugly thing (D:11)
  A large abomination (Elf:1)
  3 black mambas
  7 elephants
  2 molten gargoyles (Volcano)
  A spiny frog (shapeshifter) (Elf:1)
  7 spiny frogs
  4 fire drakes
  8 komodo dragons
  A queen bee (D:11)
  2 trolls
  24 blink frogs
  10 polar bears
  A two-headed ogre (D:10)
  A snapping turtle (Shoals:1)
  A raiju (Lair:8)
  37 yaks
  17 ice beasts
  A shadow (D:11)
  A deep elf mage (D:10)
  2 hungry ghosts
  2 deep elf fighters (Elf:1)
  A wraith (D:10)
  Eustachio (D:5)
  3 wyverns
  11 hippogriffs
  4 soldier ants (D:11)
  19 wolves
  A mottled dragon (D:12)
  4 hell hounds (Lair:8)
  9 wargs
  16 water moccasins
  12 porcupines
  7 nagas (Lair:3)
  A slave (D:5)
  14 ogres
  29 orc warriors
  13 black bears
  8 spiders (Lair:4)
  2 phantoms
  4 sky beasts
  14 crocodiles
  9 centaurs
  2 lost souls (Elf:1)
  2 elf zombies (Elf:1)
  13 giant frogs
  A big kobold (D:8)
  A water moccasin zombie (Ossuary)
  A scorpion (D:4)
  28 killer bees
  2 jellies
  7 electric eels (D:9)
  A chimera (Lair:5)
  6 crimson imps
  A giant frog zombie (D:6)
  A wasp zombie (D:11)
  3 wights (D:12)
  A quasit (D:10)
  A centaur skeleton (D:10)
  29 orc priests
  18 hounds
  A lava snake (Volcano)
  39 orc wizards
  2 giant frog skeletons
  31 worker ants
  13 iguanas
  3 hound skeletons
  2 mummies (Ossuary)
  16 gnolls
  12 adders
  86 river rats
  3 shadow imps
  6 adder zombies
  3 adder skeletons
  4 worms
  138 orcs
  32 bats
  A bat skeleton (D:8)
  12 giant cockroaches
  5 gnoll zombies (Ossuary)
  21 goblins
  20 hobgoblins
  20 kobolds
  6 quokkas
  4 ball pythons
  8 giant geckos
  6 giant newts
  6 hobgoblin zombies (Ossuary)
  12 jackals
  5 kobold zombies (Ossuary)
  3 orc zombies (Ossuary)
  12 rats
  A butterfly (Lair:1)
  A fungus (Lair:5)
  A plant (Lair:8)
1006 creatures vanquished.

Vanquished Creatures (collateral kills)
  A frost giant (D:9)
  An ice beast (D:9)
  2 ogres
  A jelly (D:4)
5 creatures vanquished.

Vanquished Creatures (others)
  A spectral weapon (D:10)
  A two-headed ogre (D:8)
  A dancing weapon (D:9)
  A slave (D:5)
  A giant frog skeleton (D:5)
  2 orcs
  A goblin (Orc:1)
  A bat (D:5)
  A kobold (D:5)
  10 fungi
  7 plants (Lair:8)
27 creatures vanquished.

Grand Total: 1038 creatures vanquished

Notes
Turn   | Place    | Note
--------------------------------------------------------------
     0 | D:1      | inmateoo, the Human Enchanter, began the quest for the Orb.
     0 | D:1      | Reached XP level 1. HP: 13/13 MP: 3/3
   542 | D:1      | Reached XP level 2. HP: 19/19 MP: 5/5
   921 | D:1      | Reached XP level 3. HP: 2/24 MP: 3/6
  1873 | D:2      | Reached XP level 4. HP: 30/30 MP: 7/7
  1877 | D:2      | Learned a level 2 spell: Ensorcelled Hibernation
  1881 | D:2      | Learned a level 3 spell: Confuse
  2027 | D:2      | Found a sparkling altar of Nemelex Xobeh.
  2564 | D:2      | Found a shadowy altar of Dithmenos.
  2909 | D:2      | Found a sparkling altar of Nemelex Xobeh.
  2998 | D:2      | Reached XP level 5. HP: 35/35 MP: 6/9
  3233 | D:3      | Found a blossoming altar of Fedhas.
  3277 | D:3      | Learned a level 3 spell: Tukima's Dance
  3960 | D:3      | Reached XP level 6. HP: 11/41 MP: 0/10
  4061 | D:3      | Gained mutation: You can translocate small distances at will. [potion of mutation]
  4061 | D:3      | Gained mutation: You are dopey. (Int -2) [potion of mutation]
  4061 | D:3      | Gained mutation: You are agile. (Dex +2) [potion of mutation]
  4583 | D:4      | Reached skill level 4 in Stealth
  4689 | D:4      | Found a sand-covered staircase.
  4720 | D:4      | Found a bloodstained altar of Trog.
  4720 | D:4      | Reached XP level 7. HP: 46/46 MP: 11/11
  4775 | Ossuary  | Entered an ossuary
  6195 | D:4      | Found a stormy altar of Qazlal.
  6203 | D:4      | Found a basalt altar of Yredelemnul.
  6207 | D:4      | Found a radiant altar of Vehumet.
  6544 | D:5      | Entered Level 5 of the Dungeon
  6839 | D:5      | Found a sacrificial altar of Ru.
  6876 | D:4      | Reached XP level 8. HP: 33/52 MP: 3/13
  7056 | D:5      | Found a radiant altar of Vehumet.
  7444 | D:5      | Noticed Pikel
  7467 | D:5      | Killed Pikel
  7467 | D:5      | Reached skill level 5 in Short Blades
  7467 | D:5      | Reached skill level 5 in Stealth
  7764 | D:5      | Reached skill level 6 in Short Blades
  7764 | D:5      | Reached skill level 5 in Hexes
  7782 | D:5      | Noticed Eustachio
  7873 | D:5      | Killed Eustachio
  7873 | D:5      | Reached XP level 9. HP: 18/57 MP: 5/15
  7876 | D:5      | Gained mutation: You possess an exceptional clarity of mind. [potion of mutation]
  8390 | D:6      | Found a staircase to the Ecumenical Temple.
  8395 | Temple   | Entered the Ecumenical Temple
  8419 | Temple   | Became a worshipper of Ashenzari the Shackled
  8530 | D:6      | Learned a level 3 spell: Regeneration
  8534 | D:6      | Learned a level 3 spell: Spectral Weapon
  8537 | D:6      | Learned a level 2 spell: Shroud of Golubria
  8825 | D:6      | Gained mutation: You occasionally shout uncontrollably at your foes. [potion of mutation]
  8886 | D:6      | Reached skill level 5 in Dodging
  9528 | D:6      | Reached skill level 5 in Spellcasting
  9541 | D:6      | Reached skill level 7 in Short Blades
 10326 | D:7      | Noticed Pikaro's ghost (experienced DgWn)
 10600 | D:7      | Reached XP level 10. HP: 63/63 MP: 14/18
 11301 | D:7      | Reached skill level 1 in Charms
 11432 | D:7      | Reached skill level 8 in Short Blades
 11492 | D:7      | Reached skill level 1 in Fighting
 11855 | D:8      | Identified a scroll of acquirement
 11884 | D:8      | Found a deep blue altar of Sif Muna.
 12361 | D:8      | Gained mutation: You are resistant to hostile enchantments. [mutagenic meat]
 12363 | D:8      | Gained mutation: You are very dopey. (Int -4) [mutagenic meat]
 12972 | D:8      | Found a glowing silver altar of Zin.
 13507 | D:9      | Noticed Erica
 13768 | D:9      | Found a staircase to the Orcish Mines.
 13885 | D:9      | Found an opulent altar of Gozag.
 14807 | D:10     | Entered Level 10 of the Dungeon
 14989 | D:10     | Reached XP level 11. HP: 74/74 MP: 8/20
 15014 | D:10     | Reached skill level 9 in Short Blades
 15182 | D:10     | Noticed a hill giant
 15194 | D:10     | Killed a hill giant
 15265 | D:10     | Found Suocwekh's Food Emporium.
 15503 | D:10     | Acquired Ashenzari's first power
 15758 | D:10     | Killed Erica
 17338 | D:11     | Noticed a hill giant
 17343 | D:11     | Killed a hill giant
 17343 | D:11     | Reached skill level 10 in Short Blades
 17439 | D:11     | Noticed a queen ant
 17576 | D:11     | Noticed a green ugly thing
 18059 | D:11     | Reached XP level 12. HP: 62/83 MP: 6/22
 18631 | D:11     | Killed a queen ant
 18902 | D:11     | Killed a green ugly thing
 18907 | D:11     | Found a staircase to the Lair.
 19454 | Lair:1   | Entered Level 1 of the Lair of Beasts
 19778 | Lair:1   | Reached skill level 5 in Charms
 19787 | Lair:1   | Reached skill level 5 in Fighting
 21420 | Lair:2   | Acquired Ashenzari's second power
 21962 | Lair:2   | Reached XP level 13. HP: 49/93 MP: 1/24
 22538 | Lair:3   | Found a staircase to the Shoals.
 22582 | Shoals:1 | Entered Level 1 of the Shoals
 22697 | Lair:3   | Found a staircase to the Snake Pit.
 24151 | Lair:4   | Reached skill level 10 in Stealth
 24592 | Lair:4   | Identified the cursed +0 arbalest "Mynnez" {freeze, +Fly rC+ rN+}
 25419 | Lair:4   | Found a hole to the Spider Nest.
 26543 | Lair:5   | Acquired Ashenzari's third power
 26835 | Lair:5   | Identified the +4 rapier "Worchomeu" {freeze, MR+}
 27136 | Lair:5   | Noticed Snorg
 27422 | Lair:5   | Killed Snorg
 27422 | Lair:5   | Reached XP level 14. HP: 101/103 MP: 18/27
 27694 | Lair:6   | Reached skill level 1 in Shields
 27773 | Lair:6   | Acquired Ashenzari's fourth power
 28501 | Lair:7   | Found a viscous altar of Jiyva.
 28501 | Lair:7   | Found a staircase to the Slime Pits.
 28551 | Lair:7   | Found a dark tunnel.
 28558 | Volcano  | Entered a volcano
 28793 | Volcano  | Found a radiant altar of Vehumet.
 28793 | Volcano  | Noticed Urug
 28795 | Volcano  | Killed Urug
 29177 | Lair:7   | Reached skill level 11 in Stealth
 29476 | Lair:7   | Reached skill level 10 in Dodging
 29894 | Lair:8   | Entered Level 8 of the Lair of Beasts
 29917 | Lair:8   | Reached skill level 10 in Hexes
 30170 | Lair:8   | Gained mutation: Your magical capacity is low (-10% MP). [potion of mutation]
 30205 | Lair:8   | Learned a level 6 spell: Invisibility
 30741 | Lair:8   | Reached skill level 10 in Spellcasting
 30968 | Lair:8   | Identified the cursed ring "Wasydul" {rF+ rC+ Int+5}
 31042 | Lair:8   | Reached XP level 15. HP: 102/112 MP: 22/26
 31319 | Lair:8   | Identified the cursed +1 ring mail of Rozxugau {Contam +Inv rPois SInv}
 32024 | D:9      | Learned a level 3 spell: Flight
 32056 | D:9      | Noticed oplop's ghost (powerful TrTm)
 32074 | D:9      | Killed oplop's ghost
 32195 | D:9      | Noticed an ice statue
 32240 | D:9      | Killed an ice statue
 32604 | D:9      | Noticed a frost giant
 32620 | D:9      | Killed a frost giant
 33017 | D:9      | Noticed an ice dragon
 33018 | D:9      | Identified the +5 hand crossbow of Invincibility {flame, Int+4}
 33018 | D:9      | Identified the +4 shortbow of Dithmenos {venom, rC+ Str+3}
 33028 | D:9      | Killed an ice dragon
 33028 | D:9      | Reached skill level 5 in Shields
 33280 | Orc:1    | Entered Level 1 of the Orcish Mines
 33465 | Orc:2    | Noticed Gastronok
 33724 | Orc:2    | Killed Gastronok
 34244 | Orc:2    | Found Rehife's General Store.
 34264 | Orc:2    | Bought a scroll of enchant weapon for 105 gold pieces
 34264 | Orc:2    | Bought a potion of brilliance for 56 gold pieces
 34264 | Orc:2    | Bought a scroll of teleportation for 42 gold pieces
 34264 | Orc:2    | Bought a potion of curing for 42 gold pieces
 34554 | Orc:3    | Found Gutsyamm's Assorted Antiques.
 34557 | Orc:3    | Bought a potion of heal wounds for 130 gold pieces
 34557 | Orc:3    | Bought a scroll labeled MUEC TYESUHUA for 26 gold pieces
 34557 | Orc:3    | Bought a white potion for 23 gold pieces
 35447 | Orc:4    | Entered Level 4 of the Orcish Mines
 35447 | Orc:4    | Found a staircase to the Elven Halls.
 35611 | Orc:4    | Found Deyngiss's Distillery.
 35619 | Orc:4    | Bought a potion of beneficial mutation for 490 gold pieces
 35619 | Orc:4    | Bought a potion of beneficial mutation for 490 gold pieces
 35619 | Orc:4    | Bought a potion of might for 56 gold pieces
 35619 | Orc:4    | Bought a potion of cancellation for 112 gold pieces
 35619 | Orc:4    | Bought a potion of heal wounds for 70 gold pieces
 35619 | Orc:4    | Bought a potion of curing for 42 gold pieces
 35680 | Orc:4    | Reached skill level 12 in Stealth
 35746 | Orc:4    | Noticed an orc warlord
 36235 | Orc:4    | Killed an orc warlord
 36364 | Orc:4    | Found a roughly hewn altar of Beogh.
 36557 | Orc:4    | Found Naskusuop's General Store.
 36562 | Orc:4    | Found Cyno Waak's Antique Weapon Shop.
 36570 | Orc:4    | Found Osuom's Jewellery Shop.
 36579 | Orc:4    | Found Payroq's Antique Armour Shop.
 36683 | Orc:4    | Bought the ring "Big Awou" {rPois MP+9 Int+3 Dex-4 Stlth-} for 215 gold pieces
 36863 | Orc:4    | Found Eduopi's Food Shop.
 36872 | Orc:4    | Found Zuinoserph's Jewellery Boutique.
 37019 | Elf:1    | Entered Level 1 of the Elven Halls
 37560 | Elf:1    | Identified Buosuulo's Disquisition on Evil
 37569 | Elf:1    | Learned a level 7 spell: Darkness
 37846 | Elf:1    | Killed from afar by a deep elf annihilator

Action                   |  1- 3 |  4- 6 |  7- 9 | 10-12 | 13-15 || total
-------------------------+-------+-------+-------+-------+-------++-------
Melee: Dagger            |   178 |   224 |   320 |   176 |       ||   898
       Rapier            |       |       |   182 |    84 |       ||   266
       Quick blade       |       |       |       |   817 |  2149 ||  2966
 Fire: Blowgun           |       |     5 |    13 |       |       ||    18
 Cast: Corona            |     7 |       |     1 |    10 |     1 ||    19
       Ensorcelled Hiber |       |    28 |    50 |   214 |   155 ||   447
       Tukima's Dance    |       |       |     3 |    21 |     2 ||    26
       Confuse           |       |       |     7 |    41 |    90 ||   138
       Spectral Weapon   |       |       |     1 |    11 |     2 ||    14
       Regeneration      |       |       |       |     5 |    10 ||    15
       Shroud of Golubri |       |       |       |     2 |     2 ||     4
       Invisibility      |       |       |       |       |    12 ||    12
       Flight            |       |       |       |       |     8 ||     8
Evoke: Wand              |       |       |     9 |    11 |     2 ||    22
       Box of beasts     |       |       |       |       |     2 ||     2
  Use: Scroll            |     5 |     6 |     8 |    16 |    19 ||    54
       Potion            |       |     3 |     4 |     6 |     7 ||    20
 Stab: Sleeping          |     4 |    19 |    40 |    92 |    93 ||   248
       Distracted        |       |     1 |     4 |     8 |       ||    13
       Confused          |       |       |     4 |    17 |    54 ||    75
       Invisible         |       |       |       |     2 |    78 ||    80
       Paralysed         |       |       |       |       |     1 ||     1
       Fleeing           |       |       |       |       |     4 ||     4
  Eat: Chunk             |     3 |    11 |     8 |    38 |    30 ||    90
       Fruit             |       |       |     4 |     3 |     6 ||    13
       Beef jerky        |       |       |     1 |     1 |     3 ||     5
       Meat ration       |       |       |     1 |       |       ||     1
       Bread ration      |       |       |     1 |     1 |     4 ||     6
